 Dungeon Crawl Stone Soup version 0.30-a0-691-g754fce4 (webtiles) character file.

Game seed: 7870017077752434477

132 milkiemew the Poker (level 4, -5/22 (34) HPs)
             Began as a Demonspawn Gladiator on Jan 19, 2023.
             Slain by Sigmund
             ... wielding a +0 heavy scythe
              (13 damage)
             ... on level 4 of the Dungeon.
             The game lasted 00:06:54 (2265 turns).

milkiemew the Poker (Demonspawn Gladiator)          Turns: 2265, Time: 00:06:54

HP:   -5/22 (34)    AC:  8    Str: 17    XL:     4   Next: 92%
MP:   4/4           EV: 10    Int:  9    God:
Gold: 157           SH:  0    Dex: 14    Spells: 3/3 levels left

rFire   . . .      SeeInvis .    w - +0 morningstar
rCold   . . .      Faith    .    (no shield)
rNeg    . . .      Spirit   .    m - +0 scale mail
rPois   .          Reflect  .    c - +0 helmet
rElec   .          Harm     .    (no cloak)
rCorr   .          Rampage  .    t - +0 pair of gloves
Will    .....                    (no boots) Stlth
                                 (no amulet)
HPRegen 0.23/turn                (no ring)
MPRegen 0.09/turn                (no ring)

@: very heavily drained
A: demonic magic 1, weakness stinger 1
a: no special abilities


You were on level 4 of the Dungeon.
You visited 1 branch of the dungeon, and saw 4 of its levels.

You collected 157 gold pieces.

Inventory:

Hand Weapons
 a - a +0 trident
 w - a +0 morningstar (weapon)
Missiles
 d - 3 throwing nets (quivered)
 e - a javelin
 v - 6 poisoned darts
Armour
 b - a +0 leather armour
 c - a +0 helmet (worn)
 m - a +0 scale mail (worn)
 t - a +0 pair of gloves (worn)
Scrolls
 g - 3 scrolls of fear {unknown}
 j - a scroll of brand weapon {unknown}
 k - a scroll of torment {unknown}
 l - a scroll of amnesia {unknown}
 p - 4 scrolls of identify {unknown}
 q - a scroll of teleportation {unknown}
 s - 2 scrolls of enchant weapon {unknown}
 x - a scroll of fog {unknown}
Potions
 f - a potion of degeneration {unknown}
 h - a potion of heal wounds {unknown}
 i - a potion of curing {unknown}
 n - 2 potions of berserk rage {unknown}
 o - a potion of flight {unknown}
 r - a potion of attraction {unknown}
 u - a potion of lignification {unknown}


   Skills:
 + Level 2.4 Fighting
 + Level 0.2 Maces & Flails
 + Level 4.0 Polearms
 + Level 1.9 Throwing
 + Level 1.3 Armour
 + Level 3.3 Dodging
 + Level 0.3 Stealth


You had 3 spell levels left.
You didn't know any spells.
Your spell library contained the following spells:

 Spells                   Type           Power      Damage    Failure   Level
 Dazzling Flash           Conj/Hex       0%         N/A       99%         3
 Inner Flame              Hex/Fire       0%         N/A       99%         3
 Flame Wave               Conj/Fire      0%         2d4       100%        4
 Iskenderun's Mystic Bla  Conj/Tloc      0%         2d3       100%        4
 Sticky Flame             Conj/Fire      0%         2d3       100%        4
 Starburst                Conj/Fire      0%         6d3       100%        6


Dungeon Overview and Level Annotations

Branches:
Dungeon (4/15)
 Temple: D:4-7

Altars:

Annotations:
D:4 Sigmund


Innate Abilities, Weirdness & Mutations

Spells you cast may paralyse adjacent enemies.
You have a small tail.


Message History

The orc is almost dead.
The orc hits you but does no damage.
You feel drained. The worm bites you but does no damage.
The orc hits you but does no damage.
You feel drained.
You barely miss the orc.
The orc is severely wounded.
The worm barely misses you.
The orc hits you with a +1 short sword of draining.
You feel drained.
You closely miss the orc.
The orc is severely wounded.
The orc hits you with a +1 short sword of draining.
You feel drained. The worm completely misses you. The orc closely misses you.
You hit the worm but do no damage. The worm completely misses you.
The orc barely misses you.
You sock the worm! You tail-slap the worm.
You kill the worm!
The orc hits you with a +1 short sword of draining.
You feel drained. The orc closely misses you.
You hit the orc.
You kill the orc!
Something hits you!
Things that are here:
a +0 whip; an orc corpse You miss something.
You barely miss something.
Your tail-slap misses something.
You hear some strange, mumbled words.
Something tries to affect you, but you resist.
Something hits you.
You miss something. You tail-slap something. You completely miss something.
Your tail-slap misses something.
Something hits you.
You barely miss something. Something hits you.
You miss something. You puncture something! You tail-slap something.
Something hits you but does no damage.
You closely miss something. You miss something. Something hits you!
Ouch! That really hurt!
You die...

...... ..... #
#...#.....#
#.#...#.....#
#.#..)#.....#
#.....#@....#
######..†#.....# ....
.......@.#.....#
.....####.##{##)....#
....+........).....#
...###...#.../###.#
##..##...#######
................
#######....########
.......†...#
#########.##.########


There were no monsters in sight!

Vanquished Creatures
  A hound (D:2)
  2 adders (D:3)
  2 worms
  2 dart slugs (D:1)
  4 orcs (D:4)
  7 ball pythons
  7 bats
  9 endoplasms
  4 giant cockroaches
  5 goblins
  5 hobgoblins
  4 jackals (D:1)
  3 quokkas
  A frilled lizard (D:3)
  4 kobolds
  4 rats
64 creatures vanquished.

Notes
Turn   | Place    | Note
-------+----------+-------------------------------------------
     0 | D:1      | milkiemew the Demonspawn Gladiator began the quest for the
                  | Orb.
     0 | D:1      | Reached XP level 1. HP: 16/16 MP: 1/1
   193 | D:1      | Discovered your monstrous ancestry.
   193 | D:1      | Gained mutation: You have a small tail. [demonic ancestry]
   193 | D:1      | Reached XP level 2. HP: 22/22 MP: 2/2
   219 | D:1      | Reached skill level 3 in Polearms
   439 | D:1      | Reached XP level 3. HP: 17/27 MP: 3/3
   579 | D:1      | Found a faded altar of an unknown god.
   934 | D:2      | Gained mutation: Spells you cast may paralyse adjacent
                  | enemies. [demonic ancestry]
   934 | D:2      | Reached XP level 4. HP: 34/34 MP: 4/4
  1073 | D:2      | You fall into a shaft and drop 1 floor!
  1222 | D:3      | Reached skill level 1 in Armour
  1643 | D:3      | Reached skill level 4 in Polearms
  2235 | D:4      | Noticed Sigmund
  2265 | D:4      | Slain by Sigmund

Illustrated notes

Levels and vault maps discovered:
D:1:      lemuel_arrival_room, layout_basic,
          hellmonk_ecumenical_altar_heavens_door
D:2:      layout_rooms, mrwooster_statue_mirror
D:3:      layout_rooms, serial_co_window_serial, co_window_of_opportunity_a,
          co_window_corner_a, co_window_of_opportunity_a, co_window_paths_a,
          co_window_paths_b, co_window_corner_a, co_window_corner_cb,
          co_window_2corner, co_window_2corner, co_window_broadway_a,
          co_window_broadway_a, co_window_4corner_b, co_window_4corner_a,
          glass_columns_a, glass_columns_a, glass_columns_a, chequers_garden
D:4:      layout_basic, ebering_ghost_rock_garden, minmay_between, uniq_sigmund

Skill      XL: |  1  2  3  4 |
---------------+-------------+-----
Polearms       | 3 4 |  4.0
Dodging        | 3 |  3.3
Armour         | 1 |  1.3
Fighting       | |  2.4
Maces & Flails | |  0.2
Throwing       | |  1.9
Stealth        | |  0.3

Action                   |  1- 3 |  4- 6 || total
-------------------------+-------+-------++-------
Melee: Trident           |    94 |    69 ||   163
       Tailslap          |     7 |     7 ||    14
       Punch             |     1 |       ||     1
       Morningstar       |       |    35 ||    35
Armor: Leather armour    |    21 |       ||    21
       Scale mail        |     6 |    52 ||    58
Dodge: Dodged            |    39 |    65 ||   104

Table legend: (Time is in decaauts)
 A = Elapsed time spent in this place.
 B = Non-inter-level travel time spent in this place.
 C = Inter-level travel time spent in this place.
 D = Time resting spent in this place.
 E = Time spent auto-exploring this place.
 F = Levels seen in this place.
 G = Mean time per level.
                   A        B        C        D        E       F      G
               +--------+--------+--------+--------+--------+-----+--------+
         Total |   2301 |   2250 |     51 |      0 |   1749 |   4 |  575.2 |
       Dungeon |   2301 |   2250 |     51 |      0 |   1749 |   4 |  575.2 |
               +--------+--------+--------+--------+--------+-----+--------+

Top non-repeatable levels by time:
     D:3: 1100 daAuts
     D:1: 789 daAuts
     D:2: 296 daAuts
     D:4: 114 daAuts
